 Dungeon Sprint DCSS version 0.17.1-1-g73c8601 (webtiles) character file.

0 Ponchio the Destroyer (level 5, -1/31 HPs)
             Began as an Octopode Conjurer on Dec 31, 2015.
             Slain by a phantom (8 damage)
             ... in the Dungeon (Sprint VI: "Thunderdome").
             The game lasted 00:10:12 (57 turns).

Ponchio the Destroyer (Octopode Conjurer)             Turns: 57, Time: 00:10:12

Health: -1/31      AC:  1    Str:  9    XL:     5   Next: 47%
Magic:  4/8        EV: 12    Int: 28    God:
Gold:   20         SH:  0    Dex: 12    Spells: 1 memorised, 7 levels left

rFire  + . .     SeeInvis .     (no weapon)
rCold  + . .     Clarity  .     (no shield)
rNeg   . . .     SustAt   .     (helmet restricted)
rPois  +         Gourm    .     o - amulet "Gyoqyj" {rCorr rC+}
rElec  +         Spirit   .     m - ring "Tened" {rElec rF+ Str+2 Slay+1}
rCorr  +         Warding  .     n - ring of Doubts {rPois Int+4}
rMut   .         NoTele   +     p - ring of Fome {MR+ Int+5}
MR     +....                    (no ring)
Stlth  +++.......               (no ring)
                                (no ring)
                                (no ring)
                                (no ring)

@: very slightly contaminated, hasted, very quick, somewhat resistant to hostile
enchantments, fairly stealthy
A: almost no armour, amphibious, 8 rings, constrict 8, camouflage 1, gelatinous
body 1
a: no special abilities


You were in the Dungeon.
You were not hungry.

You visited 1 branch You collected 200 gold pieces.
You spent 180 gold pieces at shops.

Inventory:

Jewellery
 m - the ring "Tened" (left tentacle) {rElec rF+ Str+2 Slay+1}
   (You bought it in a shop in the Dungeon)

   [ring of slaying]

   It affects your strength (+2).
   It affects your accuracy and damage with ranged weapons and melee attacks
   (+1).
   It protects you from fire.
   It insulates you from electricity.
 n - the ring of Doubts (right tentacle) {rPois Int+4}
   (You bought it in a shop in the Dungeon)

   [ring of poison resistance]

   It affects your intelligence (+4).
   It protects you from poison.
 o - the amulet "Gyoqyj" (around mantle) {rCorr rC+}
   (You bought it in a shop in the Dungeon)

   [amulet of resist corrosion]

   It protects you from acid and corrosion.
   It protects you from cold.
 p - the ring of Fome (on tentacle) {MR+ Int+5}
   (You bought it in a shop in the Dungeon)

   [ring of intelligence]

   It affects your intelligence (+5).
   It affects your resistance to hostile enchantments.
Wands
 i - a wand of cold (5)
 j - a wand of fire (0)
Scrolls
 h - 4 scrolls of blinking
 k - 3 scrolls of fog
Potions
 c - a potion of curing
 d - 4 potions of heal wounds
 e - 3 potions of haste
 f - a potion of magic
 g - a potion of berserk rage
 l - a potion of resistance
Books
 a - a book of Conjurations

   Spells                             Type                      Level
   a - Magic Dart                     Conjuration                  1
   b - Searing Ray                    Conjuration                  2
   c - Dazzling Spray                 Conjuration/Hexes            3
   d - Fulminant Prism                Conjuration/Hexes            4
   e - Iskenderun's Mystic Blast      Conjuration                  4
   f - Iskenderun's Battlesphere      Conjuration/Charms           5
Comestibles
 b - a bread ration


   Skills:
 - Level 2.0 Dodging
 - Level 2.6 Stealth
 + Level 2.3 Spellcasting
 - Level 11.1 Conjurations


You had 7 spell levels left.
You knew the following spells:

 Your Spells              Type           Power        Failure   Level  Hunger
a - Magic Dart            Conj           ####         1%          1    None


Dungeon Overview and Level Annotations

Branches:
Dungeon (1/1)

Altars:
Dithmenos
Gozag
Kikubaaqudgha
Ru
Sif Muna
Trog
Vehumet
Yredelemnul
Zin
The Shining One
Jiyva
Lugonu

Shops:
D *[%???:(


Innate Abilities, Weirdness & Mutations

You cannot wear most types of armour.
You are amphibious.
You can wear up to eight rings at the same time.
You can use your tentacles to constrict eight enemies at once.
Your skin changes colour to match your surroundings (Stealth).
Your rubbery body absorbs attacks (AC +1).


Message History

Read which item? (? for menu, Esc to quit)
Okay, then.
The phantom blinks!
The phantom blinks!
You closely miss the phantom.
The phantom is heavily damaged.
The phantom hits you!
* * * LOW HITPOINT WARNING * * *
You are too injured to fight recklessly!
There is an entrance to Waohu's Must-Have Magic here.
There is an entrance to Tyobuaf's Staff Store here.
You tentacle-slap the phantom but do no damage.
The phantom is heavily damaged.
The phantom hits you but does no damage.
You tentacle-slap the phantom but do no damage.
The phantom is heavily damaged.
You closely miss the phantom.
The phantom is heavily damaged.
The phantom hits you!
You die...

#### ##⌠⌠⌠## #.....#
##.....## ##∩.....∩##
#∩.......@#
#.......W_#
#_........#
#_......._#
###.........###
#⌠...........⌠#
######.8.........8.#
#∩___......###.......
∩........8.#
#.8......


You could see a phantom.

Vanquished Creatures
  A necrophage (D)
  A phantom (D)
  An adder zombie (D)
  A bat zombie (D)
4 creatures vanquished.

Notes
Turn   | Place    | Note
--------------------------------------------------------------
     0 | D        | Ponchio the Octopode Conjurer began the quest for the Orb.
     0 | D        | Reached XP level 1. HP: 11/11 MP: 3/3
     2 | D        | Found a deep blue altar of Sif Muna.
     2 | D        | Found a glowing golden altar of the Shining One.
     3 | D        | Found an opulent altar of Gozag.
     3 | D        | Found a corrupted altar of Lugonu.
     4 | D        | Found a glowing silver altar of Zin.
     4 | D        | Found a sacrificial altar of Ru.
     5 | D        | Found Ifauw's Identification Station.
     5 | D        | Found a shadowy altar of Dithmenos.
     5 | D        | Found a basalt altar of Yredelemnul.
     5 | D        | Found Leurros's Bee Food.
     5 | D        | Round 1.
     6 | D        | Found Kihif's Advanced Armour.
     6 | D        | Found Deelatuxt's Jewellery.
     8 | D        | Noticed a phantom
    10 | D        | Found a radiant altar of Vehumet.
    14 | D        | Bought a translucent lapis lazuli ring for 45 gold pieces
    14 | D        | Bought a smoking silver ring for 45 gold pieces
    14 | D        | Bought a faintly glowing emerald amulet for 45 gold pieces
    14 | D        | Bought a warped copper ring for 45 gold pieces
    14 | D        | Identified the ring "Tened" {rElec rF+ Str+2 Slay+1} (You bought it in a shop in the Dungeon)
    15 | D        | Identified the ring of Doubts {rPois Int+4} (You bought it in a shop in the Dungeon)
    16 | D        | Identified the ring of Fome {MR+ Int+5} (You bought it in a shop in the Dungeon)
    17 | D        | Identified the amulet "Gyoqyj" {rCorr rC+} (You bought it in a shop in the Dungeon)
    22 | D        | Killed a phantom
    22 | D        | Reached skill level 9 in Conjurations
    22 | D        | Reached XP level 2. HP: 17/17 MP: 0/5
    22 | D        | Reached XP level 3. HP: 21/21 MP: 0/6
    22 | D        | Reached XP level 4. HP: 27/27 MP: 0/7
    26 | D        | Noticed a necrophage
    28 | D        | Killed a necrophage
    28 | D        | Reached skill level 11 in Conjurations
    28 | D        | Reached XP level 5. HP: 31/31 MP: 0/8
    30 | D        | Found a viscous altar of Jiyva.
    31 | D        | Found Jogudaod's Magic Scroll Shop.
    33 | D        | Found an ancient bone altar of Kikubaaqudgha.
    33 | D        | Found a bloodstained altar of Trog.
    33 | D        | Found Tyobuaf's Staff Store.
    33 | D        | Found Abig's Magic Scroll Shop.
    33 | D        | Found Waohu's Must-Have Magic.
    34 | D        | Noticed a phantom
    57 | D        | Slain by a phantom

Action                   |  1- 3 |  4- 6 || total
-------------------------+-------+-------++-------
Melee: Unarmed           |       |     4 ||     4
 Cast: Magic Dart        |     3 |     6 ||     9
Evoke: Wand              |     1 |     4 ||     5
  Use: Potion            |       |     2 ||     2
